 Dungeon Crawl Stone Soup version 0.26.1-11-gd32895ea62 (webtiles) character file.

Game seed: 4534949913098589276

916 Zeld the Chucker (level 7, -4/68 HPs)
             Began as a Troll Hunter on June 12, 2021.
             Was an Initiate of Yredelemnul.
             Slain by Prince Ribbit (17 damage)
             ... on level 6 of the Dungeon.
             The game lasted 00:12:53 (7153 turns).

Zeld the Chucker (Troll Hunter)                     Turns: 7153, Time: 00:12:54

Health: -4/68      AC:  6    Str: 23    XL:     7   Next: 83%
Magic:  6/6        EV: 11    Int:  7    God:    Yredelemnul [......]
Gold:   91         SH:  5    Dex: 10    Spells: 6/6 levels left

rFire    + . .     SeeInvis .   a - +0 giant club
rCold    . . .     Faith    .   (shield currently unavailable)
rNeg     . . .     Spirit   .   b - +0 robe
rPois    .         Reflect  +   (helmet restricted)
rElec    .         Harm     .   p - scarf {+Inv}
rCorr    .         Rampage  .   (gloves unavailable)
Will     .....                  (boots unavailable)
Stlth    +.........             t - amulet of reflection
HPRegen  0.61/turn              q - ring of protection from fire
MPRegen  0.10/turn              (no ring)

@: no status effects
A: large, unfitting armour, claws 3, regeneration 1, shaggy fur 1, tough skin 3
a: Renounce Religion, Evoke Invisibility


You were on level 6 of the Dungeon.
You worshipped Yredelemnul.
Yredelemnul was noncommittal.
You visited 2 branches of the dungeon, and saw 7 of its levels.

You collected 199 gold pieces.
You spent 108 gold pieces at shops.

Inventory:

Hand Weapons
 a - a +0 giant club (weapon)
Missiles
 c - 4 large rocks (quivered)
 e - 182 stones
Armour
 b - a +0 robe (worn)
 p - a scarf of invisibility (worn)
Jewellery
 q - a ring of protection from fire (left claw)
 t - an amulet of reflection (around neck)
Scrolls
 f - 3 scrolls of magic mapping
 h - 4 scrolls of remove curse
 i - a scroll of identify
 l - 4 scrolls of teleportation
 r - a scroll of fear
Potions
 d - a potion of might {unknown}
 g - 4 potions of curing {unknown}
 n - a potion of ambrosia {unknown}
 u - a potion of attraction {unknown}
 v - a potion of degeneration {unknown}
 A - a potion of resistance {unknown}


   Skills:
 + Level 3.8 Fighting
 * Level 2.2 Maces & Flails
 * Level 6.6 Throwing
 + Level 3.7 Dodging
 - Level 0.3 Stealth


You had 6 spell levels left.
You didn't know any spells.
Your spell library was empty.

Dungeon Overview and Level Annotations

Branches:
Dungeon (6/15)             Temple (1/1) D:4

Altars:
Dithmenos
Fedhas
Gozag
Hepliaklqana
Nemelex Xobeh
Okawaru
Ru
Sif Muna
Trog
Uskayaw
Vehumet
Xom
Yredelemnul
Zin
The Shining One

Shops:
D:4 *=:!

Portals:
Abyss: D:4

Annotations:
D:4 2 transporters, oc3rt's ghost, novice KoHu
D:6 Prince Ribbit


Innate Abilities, Weirdness & Mutations

You are too large for most types of armour.
You have claws for hands.
Your natural rate of healing is unusually fast.
You are covered in fur. (AC +1)
You have extremely tough skin. (AC +3)


Message History

Prince Ribbit blinks!
You see here a throwing net.
x - a throwing net Prince Ribbit completely misses you.
Prince Ribbit hits you!
* * * LOW HITPOINT WARNING * * *
Unknown command.
Throw: throwing net
Press: ? - help, Q - select action, (/) - cycle Shift-Dir - straight line, f/p - Prince Ribbit
Aim: Prince Ribbit (heavily wounded, 39% to hit)
You throw a throwing net.
The throwing net barely misses Prince Ribbit.
Prince Ribbit misses you.
Throw: 5 large rocks
Press: ? - help, Q - select action, (/) - cycle Shift-Dir - straight line, f/p - Prince Ribbit
Aim: Prince Ribbit (heavily wounded, 39% to hit)
You throw a large rock.
The large rock closely misses Prince Ribbit.
Prince Ribbit hits you!
You die...
Your body rises from the dead as a mindless zombie.

#############
#########............
#<.รท..(.....F@..>....
#########.###........
...
#######.###......##
#.# .#
.................#
#.##.#
#######.###......#
#.#... #.###..#.###
#.#.(#
#####......#.####
#.#...
#................
#.#..#
#.......g..#####
#.#..#


You could see Prince Ribbit.

Vanquished Creatures
  A phantom (D:5)
  A centaur (D:6)
  2 ogres (D:4)
  Blork the orc (D:5)
  A howler monkey (D:4)
  An orc priest (D:4)
  2 iguanas
  2 worker ants (D:5)
  3 orc wizards
  A hound skeleton (D:5)
  A howler monkey zombie (D:5)
  5 adders
  10 gnolls
  An ufetubus (D:5)
  A worm (D:3)
  2 dart slugs
  A leopard gecko (D:2)
  10 orcs
  2 ball pythons (D:2)
  4 bats
  5 giant cockroaches
  12 goblins
  10 hobgoblins
  3 jackals (D:2)
  A quokka (D:6)
  A ball python skeleton (D:5)
  5 frilled lizards
  6 kobolds
  A leopard gecko zombie (D:6)
  10 rats
106 creatures vanquished.

Notes
Turn   | Place    | Note
-------+----------+-------------------------------------------
     0 | D:1      | Zeld the Troll Hunter began the quest for the Orb.
     0 | D:1      | Reached XP level 1. HP: 19/19 MP: 0/0
   266 | D:1      | Reached XP level 2. HP: 25/28 MP: 1/1
   402 | D:1      | Reached skill level 4 in Throwing
   780 | D:1      | Reached XP level 3. HP: 34/35 MP: 2/2
  1149 | D:2      | Found a hazy altar of Hepliaklqana.
  1158 | D:2      | Reached XP level 4. HP: 34/42 MP: 3/3
  1483 | D:2      | Found a faded altar of an unknown god.
  2087 | D:3      | Reached XP level 5. HP: 46/50 MP: 4/4
  2139 | D:3      | Found a basalt altar of Yredelemnul.
  2175 | D:3      | Reached skill level 5 in Throwing
  2194 | D:3      | Became a worshipper of Yredelemnul the Dark
  2227 | D:3      | Found a sparkling altar of Nemelex Xobeh.
  2873 | D:4      | Found a transporter.
  2877 | D:4      | Noticed an ogre
  2885 | D:4      | Killed an ogre
  2886 | D:4      | Reached XP level 6. HP: 21/61 MP: 5/5
  2954 | D:4      | Found a staircase to the Ecumenical Temple.
  2965 | Temple   | Entered the Ecumenical Temple
  3316 | D:4      | Found Esuoqan's Assorted Antiques.
  3325 | D:4      | Bought a scroll labelled ILOVOEF NEZAEH for 27 gold pieces
  3325 | D:4      | Bought a scroll labelled QEWUZU WEUMONLEK for 27 gold
                  | pieces
  3325 | D:4      | Bought a scroll labelled UCHYRIE QAVAHYG for 27 gold pieces
  3325 | D:4      | Bought a scroll labelled ILOVOEF NEZAEH for 27 gold pieces
  3369 | D:4      | Found Nuadiv's Jewellery Emporium.
  3508 | D:4      | Found Pucham's Book Shop.
  3542 | D:4      | Reached skill level 6 in Throwing
  3544 | D:4      | Noticed oc3rt's ghost (novice KoHu)
  4119 | D:4      | Reached XP level 7. HP: 62/67 MP: 6/6
  4670 | D:4      | Identified the +3 whip of the End of Times {distort, Int+3}
  4868 | D:4      | Found an opulent altar of Gozag.
  4889 | D:4      | Found Dietsaf's Distillery.
  4933 | D:4      | Found a transporter.
  4946 | D:4      | Found a one-way gate to the infinite horrors of the Abyss.
  5042 | D:5      | Entered Level 5 of the Dungeon
  5071 | D:5      | Found an iron altar of Okawaru.
  5321 | D:5      | Reached skill level 1 in Maces & Flails
  6372 | D:6      | Noticed Blork the orc
  6372 | D:6      | Noticed Prince Ribbit
  6455 | D:5      | Killed Blork the orc
  7153 | D:6      | Slain by Prince Ribbit

Illustrated notes

Levels and vault maps discovered:
D:1:      elethiomel_arrival_infinity_welcomes_careful_drivers, layout_basic,
          supply_closet_lemuel, minmay_tetromino_t2
D:2:      layout_rooms, nzn_hepliaklqana_mist_gate,
          chequers_ecumenical_altar_simple, minmay_parallelograms
D:3:      layout_loops_ring, lemuel_crystal_altar,
          nicolae_overflow_crystal_walls
D:4:      layout_gridville, lemuel_doored_altar,
          minmay_temple_entry_drinking_statues, serial_rivers,
          chequers_serial_rivers_small_b, chequers_serial_rivers_small_b,
          chequers_serial_rivers_micro_a, chequers_serial_rivers_micro_a,
          chequers_serial_rivers_micro_b, chequers_serial_rivers_micro_e,
          gammafunk_ghost_abyssal_escape, serial_shops, shop, shop,
          nicolae_shop_overgrown_old_shop, kennysheep_mini_moat
D:5:      layout_basic, kennysheep_okawaru_gauntlet
D:6:      layout_basic, uniq_blork_the_orc, uniq_prince_ribbit1
Temple:   minmay_temple_curvy_loop

Skill      XL: |  1  2  3  4  5  6  7 |
---------------+----------------------+-----
Throwing       | 4 5 6 |  6.6
Fighting       | 2 3 |  3.8
Dodging        | 2 3 |  3.7
Maces & Flails | 2 |  2.2
Stealth        | |  0.3

Action                   |  1- 3 |  4- 6 |  7- 9 || total
-------------------------+-------+-------+-------++-------
Melee: Unarmed           |   129 |   169 |       ||   298
       Giant club        |       |    55 |   163 ||   218
Throw: Large rock        |       |     3 |     2 ||     5
       Throwing net      |       |     3 |     4 ||     7
  Use: Scroll            |       |       |     8 ||     8
 Stab: Distracted        |       |     1 |       ||     1
       Sleeping          |       |     2 |     2 ||     4
Armor: Robe              |    56 |    79 |    58 ||   193
Dodge: Dodged            |    70 |   100 |   103 ||   273
Block: Other             |    32 |    52 |    55 ||   139
       Reflection        |       |       |     1 ||     1
